 Dungeon Crawl Stone Soup version 0.18-a0-1045-g4e042de (webtiles) character file.

93 Ijustatesigmund the Distorting Demonspawn (level 4, -2/37 HPs)
             Began as a Demonspawn Abyssal Knight on Jan 11, 2016.
             Was a Believer of Lugonu.
             Slain by a sky beast (6 damage)
             ... on level 5 of the Dungeon.
             The game lasted 00:06:06 (2072 turns).

Ijustatesigmund the Distorting Demonspawn (DsAK)    Turns: 2072, Time: 00:06:06

Health: -2/37      AC:  7    Str: 13    XL:     4   Next: 37%
Magic:  6/6        EV: 11    Int: 13    God:    Lugonu [**....]
Gold:   32         SH:  0    Dex: 13    Spells: 0 memorised, 3 levels left

rFire  + . .     SeeInvis .     a - +1 mace
rCold  . . .     Gourm    .     b - +1 leather armour
rNeg   . . .     Faith    .     (no shield)
rPois  .         Spirit   .     (helmet restricted)
rElec  .         Dismiss  .     (no cloak)
rCorr  .         Reflect  .     (no gloves)
SustAt .         Harm     .     p - +2 pair of boots
MR     .....                    (no amulet)
Stlth  +.........               (no ring)
                                d - ring of protection from fire

@: not resistant to hostile enchantments, very unstealthy
A: claws 1, horns 1
a: Depart the Abyss, Bend Space, Renounce Religion


You were on level 5 of the Dungeon.
You worshipped Lugonu.
Lugonu was pleased with you.
You were hungry.

You visited 1 branch of the dungeon, and saw 5 of its levels.
You visited the Abyss 1 time.

You collected 140 gold pieces.
You spent 108 gold pieces at shops.

Inventory:

Hand Weapons
 a - a +1 mace (weapon)
Armour
 b - a +1 leather armour (worn)
 n - a +0 helmet
 p - a +2 pair of boots (worn)
Jewellery
 d - a ring of protection from fire (left claw)
Scrolls
 j - 2 scrolls of remove curse
 m - a scroll of immolation
Potions
 e - a potion of mutation
 i - 2 potions of curing
 k - a potion of ambrosia
Comestibles
 c - 2 bread rations
 f - a slice of pizza
 g - a beef jerky
 h - a royal jelly


   Skills:
 + Level 3.7 Fighting
 * Level 3.1 Maces & Flails
 - Level 1.7 Armour
 - Level 0.8 Dodging
 + Level 3.7 Invocations


You had 3 spell levels left.
You didn't know any spells.

Dungeon Overview and Level Annotations

Branches:
Dungeon (5/15)
 Temple: D:4-7

Altars:
Qazlal
Trog
The Shining One

Shops:
D:5 !

Annotations:
D:3 Robin
D:4 Dowan, Duvessa


Innate Abilities, Weirdness & Mutations

You have sharp fingernails.
You have a pair of small horns on your head.


Message History

Something hits you. Something shocks you.
* * * LOW HITPOINT WARNING * * *
You miss something. Your headbutt misses something.
Something hits you but does no damage.
You hit something but do no damage. Your headbutt misses something.
Something hits you but does no damage.
Drink which item? (? for menu, Esc to quit)
You feel better. Something hits you. Something shocks you.
You miss something. You headbutt something.
Something hits you but does no damage.
You hit something but do no damage.
A sky beast appears from thin air!
Reactivating autopickup.
The sky beast hits you. The sky beast shocks you.
* * * LOW HITPOINT WARNING * * *
You hit the sky beast.
The sky beast is lightly wounded.
The sky beast hits you.
* * * LOW HITPOINT WARNING * * *
The sky beast shocks you.
You die...

# .### ...#
####..#
###.....#
#####...#..#
#>.........#
#####...#...##.#
#.........@.# #
#.....#.∩Y###
###..##.....####
#....#.<###.#...
#.....###......#
##..#..##......#
##..#.#.......#
##...........#
##..........#


You could see a sky beast.

Vanquished Creatures
  A worker ant (D:4)
  An adder (D:2)
  An adder skeleton (D:5)
  4 giant geckos
  5 bats
  4 giant cockroaches
  9 goblins
  7 hobgoblins
  7 kobolds
  3 quokkas
  8 giant newts (D:2)
  2 rats (D:2)
52 creatures vanquished.

Notes
Turn   | Place    | Note
--------------------------------------------------------------
     0 | Abyss:1  | Ijustatesigmund the Demonspawn Abyssal Knight began the quest for the Orb.
     0 | Abyss:1  | Reached XP level 1. HP: 18/18 MP: 2/2
     9 | D:1      | Escaped the Abyss
   165 | D:1      | Gained mutation: You have sharp fingernails. [demonic ancestry]
   165 | D:1      | Reached XP level 2. HP: 17/24 MP: 3/3
   756 | D:2      | Reached ** piety under Lugonu
   952 | D:2      | Found a bloodstained altar of Trog.
   968 | D:2      | Reached XP level 3. HP: 24/29 MP: 5/5
  1182 | D:2      | Found a glowing golden altar of the Shining One.
  1423 | D:3      | Noticed Robin
  1704 | D:3      | Found a faded altar to an unknown god.
  1707 | D:3      | Found a bloodstained altar of Trog.
  1768 | D:4      | Noticed an ogre
  1791 | D:4      | Found a stormy altar of Qazlal.
  1802 | D:4      | Noticed Duvessa
  1803 | D:4      | Noticed Dowan
  1804 | D:4      | Gained mutation: You have a pair of small horns on your head. [demonic ancestry]
  1804 | D:4      | Reached XP level 4. HP: 22/36 MP: 6/6
  1834 | D:5      | Entered Level 5 of the Dungeon
  2042 | D:5      | Found Izurch's Distillery.
  2046 | D:5      | Bought 2 potions of curing for 72 gold pieces
  2046 | D:5      | Bought a potion of curing for 36 gold pieces
  2050 | D:4      | Noticed an ogre
  2056 | D:5      | Noticed a sky beast
  2072 | D:5      | Slain by a sky beast

Vault maps used:
D:1:      dpeg_arrival_rhombus
D:2:      lightli_temple_of_fire, nicolae_tso_carved_into_rock, first_bread,
          minmay_lizard_king
D:3:      ecumenical_altar_1, trog_three_pillars_becter, uniq_robin
D:4:      old_standard_altar, uniq_menkaure, uniq_duvessa,
          uniq_crazy_yiuf_cottage
D:5:      old_standard_altar, nicolae_ashenzari_panopticon, old_standard_altar,
          serial_shops, nicolae_shop_stone, minmay_parallelograms,
          eino_curves_04

Action                   |  1- 3 |  4- 6 || total
-------------------------+-------+-------++-------
Melee: Mace              |   140 |    11 ||   151
  Use: Scroll            |    10 |       ||    10
       Potion            |     3 |     2 ||     5
 Stab: Sleeping          |     1 |       ||     1
  Eat: Chunk             |     3 |       ||     3
